Map: Frozen Temple

Players

colossus - Winner!

  • Race: Terran Terran
  • League: Bronze

LMLelas

  • Race: Zerg Zerg
  • League: Silver

VOD

Have the link to the VOD?

Description

Time

  • Played on: May 15, 2016, 5:57 p.m.
  • Length: 20:01
Show
View Real Time Build Order
Export as new Build Order

colossus Terran - Winner!

Build Orders: MMM Bio 

Get SALT Encoding   

  12  0:16  SCV  
  13  0:27  Supply Depot  
  13  0:36  SCV  
  14  0:48  SCV  
  14  0:49  Supply Depot  
  15  0:51  Refinery  
  15  0:56  Barracks  
  15  1:02  SCV  
  16  1:14  SCV  
  17  1:27  SCV  
  18  1:39  SCV  
  19  1:55  Barracks Tech Lab  
  19  1:59  Command Center  
  19  2:10  SCV  
  20  2:18  Stimpack  
  20  2:19  Marine  
  21  2:29  SCV  
  22  2:39  Refinery  
  22  2:44  Marine  
  23  2:52  Factory  
  23  3:02  Marine  
  24  3:06  Barracks  
  24  3:07  Orbital Command  
  24  3:14  SCV  
  25  3:26  SCV  
  26  3:27  Marine  
  27  3:39  Orbital Command  
  27  3:45  Marine  
  28  3:54  Marine  
  29  3:58  Factory Tech Lab  
  29  4:03  Marine  
  30  4:15  Barracks Reactor  
  30  4:18  Siege Tank  
  30  4:21  Marine  
  34  4:33  Starport  
  34  4:35  SCV  
  35  4:39  Marine  
  35  4:45  Supply Depot  
  36  4:47  SCV  
  36  4:52  Siege Tank  
  40  4:56  Marine  
  40  4:59  SCV  
  42  5:08  Supply Depot  
  42  5:10  Starport Reactor  
  42  5:14  Marine  
  42  5:18  Barracks  
  42  5:21  Supply Depot  
  43  5:23  Barracks  
  43  5:24  Engineering Bay  
  46  5:28  Siege Tank  
  46  5:30  Engineering Bay  
  46  5:32  Marine  
  46  5:35  Combat Shields  
  47  5:48  Medivac  
  47  5:49  Medivac  
  51  6:00  Marauder  
  53  6:11  Supply Depot  
  52  6:19  Refinery  
  52  6:21  Refinery, Marauder  
  52  6:24  Siege Tank  
  57  6:34  Terran Infantry Weapons Level 1  
  57  6:38  SCV  
  58  6:43  Marauder  
  60  6:50  SCV  
  61  7:02  SCV  
  61  7:04  Concussive Shells  
  61  7:06  Barracks Tech Lab  
  61  7:07  Barracks Reactor  
  62  7:09  Medivac  
  64  7:21  Command Center  
  64  7:35  Marauder x2, Marine  
  64  7:36  Marine  
  70  7:51  Supply Depot  
  70  7:53  Marine x2  
  70  7:56  Marauder x2  
  76  8:01  Marine  
  76  8:02  Marine  
  78  8:12  Marine x2  
  78  8:13  Siege Tank  
  78  8:14  Supply Depot x2  
  78  8:15  SCV  
  78  8:17  Marauder, Marine  
  78  8:19  Marine x2  
  88  8:26  Terran Infantry Armor Level 1  
  89  8:27  SCV  
  89  8:30  Marine x2  
  92  8:35  Marine  
  92  8:37  Marine x2, Armory  
  91  9:15  Viking  
  91  9:16  Viking  
  89  9:18  Orbital Command  
  90  9:31  SCV  
  90  9:35  Missile Turret  
  90  9:37  Missile Turret  
  90  9:38  SCV  
  90  9:40  Missile Turret  
  90  9:43  SCV  
  90  9:44  SCV  
  93  9:45  Viking  
  93  9:46  Viking  
  97  9:56  SCV  
  98  10:09  SCV, Orbital Command  
  98  10:12  SCV  
  100  10:15  Viking  
  102  10:21  SCV  
  102  10:22  Missile Turret x2  
  102  10:23  Missile Turret  
  102  10:24  SCV  
  102  10:26  Missile Turret  
  104  10:36  SCV  
  104  10:42  Siege Tank  
  108  10:49  SCV  
  109  10:51  Terran Infantry Weapons Level 2  
  109  10:52  Terran Infantry Armor Level 2  
  109  10:54  Starport  
  100  11:05  Marine x3  
  100  11:06  Marine x3  
  90  11:23  Marine x6  
  96  11:27  Siege Tank  
  99  11:34  Starport Reactor  
  99  11:41  Marine x6  
  105  11:48  SCV  
  106  11:58  Marine  
  106  11:59  Marine x5  
  106  12:00  SCV, Missile Turret  
  113  12:12  SCV  
  114  12:16  Marine  
  114  12:17  Marine x5  
  114  12:20  Missile Turret  
  120  12:24  SCV  
  120  12:35  Viking x2  
  120  12:36  SCV  
  125  12:41  Missile Turret  
  125  12:50  Viking x2, Marine x4  
  133  12:52  Marine x2  
  135  13:05  Viking x2  
  139  13:08  Marine x4  
  139  13:10  Marine  
  139  13:11  Marine  
  139  13:12  Missile Turret  
  136  13:18  Liberator x2, Missile Turret  
  136  13:19  Missile Turret x2  
  119  13:20  Viking x2  
  119  13:24  Missile Turret  
  119  13:26  Marine x4  
  127  13:27  Marine  
  127  13:29  Marine  
  135  13:44  Marine x4  
  135  13:45  Marine  
  135  13:46  Marine  
  141  13:53  Refinery  
  141  13:54  Refinery  
  141  14:00  Supply Depot x2  
  141  14:01  Marine  
  141  14:02  Supply Depot  
  141  14:03  Marine  
  141  14:04  Liberator x3  
  141  14:05  Liberator  
  140  14:13  Terran Infantry Weapons Level 3  
  140  14:14  Terran Infantry Armor Level 3  
  148  14:31  Siege Tank  
  148  14:39  Marine x3  
  148  14:40  Marine x3  
  154  14:46  Liberator  
  154  14:57  Marine x5  
  154  14:58  Marine  
  163  15:11  Liberator  
  163  15:15  Marine x2  
  165  15:24  Liberator  
  165  15:27  Marine  
  165  15:28  Marine  
  165  15:41  Marine  
  129  15:53  Marine  
  129  15:54  Marine x4  
  125  15:59  Marine  
  116  16:11  Marine  
  116  16:12  Marine x4  
  116  16:16  Marine  
  122  16:27  Supply Depot  
  122  16:29  Supply Depot, Marine x5  
  127  16:32  Supply Depot  
  127  16:34  Supply Depot, Marine  
  128  16:47  Marine x5  
  128  16:52  Marine  
  134  17:04  Marine  
  134  17:05  Marine x4  
  133  17:10  Marine  
  113  17:23  Marine x2  
  113  17:28  Marine x4  
  119  17:41  Marine x2  
  121  17:46  Marine x4  
  125  17:51  Orbital Command  
  125  17:52  SCV  
  126  17:58  Marine  
  126  17:59  Marine  
  126  18:04  Marine x2  
  126  18:05  SCV  
  131  18:07  Refinery x2  
  131  18:11  Barracks  
  131  18:12  Medivac x3  
  135  18:13  Medivac  
  135  18:14  Marine x2, Barracks  
  135  18:16  Marine x2, Barracks  
  135  18:17  SCV  
  144  18:21  Marine  
  144  18:22  Marine  
  146  18:29  SCV  
  146  18:32  Marine x2  
  148  18:34  Marine x2  
  148  18:39  Marine x2  
  148  18:41  SCV  
  143  18:42  Medivac x3  
  149  18:49  Marine  
  149  18:50  Marine  
  151  19:32  Marine x6  
Show
View Real Time Build Order
Export as new Build Order

LMLelas Zerg 

Build Orders: Hatch First 

Get SALT Encoding   

  12  0:01  Drone  
  13  0:08  Drone  
  14  0:15  Extractor  
  14  0:16  Drone  
  15  0:23  Overlord  
  15  0:41  Drone x2  
  17  0:47  Drone  
  18  1:00  Drone  
  18  1:01  Hatchery  
  18  1:09  Drone  
  19  1:18  Spawning Pool  
  19  1:21  Extractor  
  19  1:25  Overlord  
  17  1:56  Drone x3  
  20  2:06  Queen  
  22  2:10  Zergling x2  
  22  2:15  Queen  
  23  2:17  Zergling x2  
  26  2:27  Metabolic Boost  
  26  2:37  Drone x4  
  30  2:46  Overlord  
  30  2:47  Overlord  
  30  3:05  Drone x3  
  33  3:08  Hatchery  
  32  3:25  Queen  
  34  3:28  Drone x6  
  40  3:37  Extractor  
  40  3:39  Roach Warren  
  38  3:42  Overlord  
  38  3:48  Overlord  
  38  4:14  Drone  
  38  4:15  Drone x9  
  48  4:25  Spore Crawler  
  47  4:36  Extractor x2  
  45  4:46  Evolution Chamber  
  45  4:48  Lair  
  45  4:49  Evolution Chamber  
  43  5:11  Roach x7  
  43  5:12  Overlord x2  
  43  5:13  Overlord  
  57  5:16  Zerg Missile Weapons Level 1  
  57  5:17  Zerg Ground Armor Level 1  
  57  5:33  Drone  
  57  5:34  Drone x8  
  66  5:45  Glial Reconstitution  
  66  5:52  Spire  
  65  6:16  Overseer  
  64  6:29  Drone x10  
  64  6:30  Overlord, Drone x7  
  64  6:31  Overlord  
  81  6:50  Extractor  
  81  6:51  Extractor  
  79  7:20  Infestation Pit  
  79  7:21  Overlord x2  
  78  7:24  Zerg Missile Weapons Level 2  
  78  7:25  Zerg Ground Armor Level 2  
  78  7:47  Corruptor  
  78  7:48  Corruptor x4  
  78  7:50  Roach x8  
  104  7:51  Overlord x3  
  104  7:52  Overlord x2  
  104  8:36  Roach  
  104  8:37  Roach x12  
  130  8:45  Hive  
  130  8:49  Pneumatized Carapace  
  124  9:12  Hatchery  
  123  9:34  Corruptor  
  123  9:35  Corruptor x4  
  133  9:58  Greater Spire  
  133  9:59  Zerg Missile Weapons Level 3  
  133  10:01  Zerg Ground Armor Level 3  
  133  10:27  Queen  
  135  10:31  Roach  
  135  10:32  Overlord x2, Roach x7  
  135  10:33  Overlord x4  
  130  11:06  Roach  
  130  11:07  Roach x12  
  130  11:08  Roach x22  
  158  11:41  Brood Lord x5  
  168  11:52  Ultralisk Cavern  
  167  12:13  Roach  
  167  12:14  Roach x11  
  167  12:15  Overlord x4  
  191  12:16  Overlord  
  191  12:44  Roach x4  
  199  12:55  Chitinous Plating  
  173  13:17  Ultralisk  
  173  13:18  Ultralisk x3  
  179  13:30  Mutalisk x2  
  179  13:31  Mutalisk  
  185  13:44  Extractor  
  184  14:13  Extractor  
  183  14:19  Roach x8  
  101  15:45  Roach  
  101  15:46  Roach x15  
  101  15:47  Roach x21  
  101  15:48  Roach x6  
  155  16:02  Corruptor  
  155  16:03  Corruptor x7  
  161  16:21  Corruptor  
  161  16:22  Corruptor x2  
  89  17:21  Zergling x2  
  89  17:22  Zergling x40  
  80  17:23  Zergling x14  
  87  18:06  Hatchery  
  87  18:11  Zergling x2  
  87  18:12  Zergling x22  
  48  19:14  Roach  
  48  19:15  Roach x16  
  72  19:36  Zergling x2  
  72  19:37  Zergling x14  
  75  19:38  Zergling x2  
Tags
 
Add a new tag
Caveats
  • Supply blocks, unpowered buildings, or Contaminate may cause inaccurate times.
  • Supply counts are checked every 10 seconds.